 Dungeon Crawl Stone Soup version 0.22-a0-422-g9628fc8 (webtiles) character file.

53 raistware the Magician (level 3, -7/24 HPs)
             Began as a Vampire Wizard on May 16, 2018.
             Was an Initiate of Sif Muna.
             Mangled by an orc
             ... wielding a +0 flail
              (9 damage)
             ... on level 3 of the Dungeon.
             The game lasted 00:07:11 (2106 turns).

raistware the Magician (Vampire Wizard)             Turns: 2106, Time: 00:07:12

Health: -7/24      AC:  2    Str:  4 (6)  XL:     3   Next: 62%
Magic:  6/8        EV: 12    Int: 26 (27) God:    Sif Muna [......]
Gold:   71         SH:  0    Dex:  9 (12) Spells: 1/9 levels left

rFire    . . .     SeeInvis +   m - +0 hand axe
rCold    + . .     Gourm    .   (no shield)
rNeg     + + .     Faith    .   a - +0 robe
rPois    +         Spirit   .   b - +0 hat
rElec    .         Reflect  .   (no cloak)
rCorr    .         Harm     .   (no gloves)
MR       .....                  (no boots)
Stlth    +++.......             (no amulet)
HPRegen  0.04/turn              i - +6 ring of intelligence
MPRegen  0.11/turn              (no ring)

@: regenerating slowly
A: fangs 3, see invisible, unbreathing
a: Bat Form, Renounce Religion


You were on level 3 of the Dungeon.
You worshipped Sif Muna.
Sif Muna was noncommittal.
You were thirsty.

You visited 1 branch of the dungeon, and saw 3 of its levels.

You collected 71 gold pieces.

Inventory:

Hand Weapons
 e - a +0 quarterstaff
 m - a +0 hand axe (weapon)
Armour
 a - a +0 robe (worn)
 b - a +0 hat (worn)
Jewellery
 i - a +6 ring of intelligence (left hand)
Scrolls
 c - 3 scrolls of identify {unknown}
 f - 2 scrolls of remove curse {unknown}
 g - a scroll of blinking {unknown}
 h - 3 scrolls of teleportation {unknown}
 j - a scroll of immolation {unknown}
 l - a scroll of fear {unknown}
Potions
 k - 2 potions of magic


   Skills:
 - Level 2.1 Dodging
 - Level 3.0 Stealth
 + Level 3.7 Spellcasting
 + Level 1.9 Conjurations
 - Level 1.0 Summonings
 - Level 0.7 Translocations


You had one spell level left.
You knew the following spells:

 Your Spells              Type           Power        Failure   Level  Hunger
a - Magic Dart            Conj           ##..         4%          1    None
b - Call Imp              Summ           ##......     9%          2    #......
c - Blink                 Tloc           N/A          10%         2    #......
d - Conjure Flame         Conj/Fire      #.......     19%         3    ##.....

Your spell library contained the following spells:

 Spells                   Type           Power        Failure   Level  Hunger
 Slow                     Hex            #.......     13%         2    #......
 Mephitic Cloud           Conj/Pois/Air  #.......     21%         3    ##.....


Dungeon Overview and Level Annotations

Branches:
Dungeon (3/15)

Altars:
Sif Muna
Zin


Innate Abilities, Weirdness & Mutations

You heal slowly.
You have razor-sharp teeth.
You have supernaturally acute eyesight. (SInv)
You can survive without breathing.


Message History

The magic dart hits the orc.
The orc is almost dead.
The orc hits you but does no damage.
Casting: Magic Dart (safe; 4% risk of failure)
Confirm with . or Enter, or press ? or * to list all spells.
Aiming: Magic Dart (safe; 4% risk of failure)
Press: ? - help, Shift-Dir - straight line, f - orc, p - orc
Aim: an orc, wielding a flail
Okay, then.
Yummy - fresh blood!
You are feeling thirsty.
The orc barely misses you. x2
It was a potion of magic.
Magic courses through your body. The orc barely misses you.
The orc hits you with a club.
* * * LOW HITPOINT WARNING * * *
The orc priest looks braver for a moment.
Casting: Magic Dart (safe; 4% risk of failure)
Confirm with . or Enter, or press ? or * to list all spells.
You blink.
The orc hits you with a flail!
You die...

### ###
####.#####.#
#....).....#
#.##..####@#
#.##..####o###
#.##.....#o.o#
#.##.###.###o#
#####.##.# #.#
#.#
#..<#.##.###.#
#o#
##.##.##.....#
#.#
#.##.########
#o# #.##.#
#>.....o..o.oo


You could see an orc priest and 2 orcs.

Vanquished Creatures
  An adder (D:2)
  A worm (D:2)
  2 dart slugs (D:1)
  A leopard gecko (D:2)
  A ball python (D:1)
  A giant cockroach (D:1)
  8 goblins (D:1)
  4 hobgoblins
  2 jackals (D:2)
  A quokka (D:2)
  2 bats
  3 frilled lizards
  5 kobolds
  3 rats
35 creatures vanquished.

Notes
Turn   | Place    | Note
-------+----------+-------------------------------------------
     0 | D:1      | raistware the Vampire Wizard began the quest for the Orb.
     0 | D:1      | Reached XP level 1. HP: 13/13 MP: 4/4
   107 | D:1      | You fall through a shaft!
   384 | D:2      | Reached skill level 1 in Conjurations
   577 | D:2      | Reached XP level 2. HP: 7/19 MP: 0/6
   581 | D:2      | Learned a level 2 spell: Call Imp
   584 | D:2      | Learned a level 2 spell: Blink
  1095 | D:2      | Found a glowing silver altar of Zin.
  1123 | D:1      | Reached XP level 3. HP: 24/24 MP: 0/8
  1808 | D:2      | Found a deep blue altar of Sif Muna.
  1814 | D:2      | Became a worshipper of Sif Muna the Loreminder
  1819 | D:2      | Learned a level 3 spell: Conjure Flame
  2106 | D:3      | Mangled by an orc

Vault maps used:
D:1:      eino_arrival_water_star
D:2:      zin_statuary, led_sif_pool
D:3:      okawaru_trees_2, lemuel_coloured_pillars_altar

Skill      XL: |  1 |
---------------+----+-----
Conjurations   | 1 |  1.9
Dodging        | |  2.1
Stealth        | |  3.0
Spellcasting   | |  3.7
Summonings     | |  1.0
Translocations | |  0.7

Action                   || total
-------------------------++-------
Melee: Quarterstaff      ||    20
       Unarmed           ||     7
       Bite              ||     4
       Hand axe          ||     6
 Cast: Magic Dart        ||    88
       Blink             ||     1
 Abil: End Transformatio ||     1
       Bat Form          ||     1
  Use: Potion            ||     7
  Eat: Corpse            ||     1
Armor: Robe              ||     8
Dodge: Dodged            ||    31

Table legend:
 A = Spawn XP
 B = Non-spawn XP
 C = Spawn XP percentage of total XP
 D = Spawn monster count
 E = Non-spawn monster count
 F = Spawn count percentage of total count
 G = Total turns spent on level
                    A         B        C        D         E        F      G
               +---------+---------+-------+---------+---------+-------+---------
         Total |       0 |      76 |   0.0 |       0 |      35 |   0.0 |  2106
               +---------+---------+-------+---------+---------+-------+---------
           D:1 |       0 |      39 |   0.0 |       0 |      21 |   0.0 |   673
           D:2 |       0 |      37 |   0.0 |       0 |      14 |   0.0 |  1356
               +---------+---------+-------+---------+---------+-------+---------
